 Dungeon Crawl Stone Soup version 0.28-a0-439-g4cf4cd4993 (webtiles) character file.

Game seed: 14741762286802906355

9 Astera the Skirmisher (level 2, 0/25 HPs)
             Began as a Palentonga Fighter on Sept 11, 2021.
             Slain by a hobgoblin (2 damage)
             ... on level 1 of the Dungeon.
             The game lasted 00:00:33 (102 turns).

Astera the Skirmisher (Palentonga Fighter)           Turns: 102, Time: 00:00:33

Health: 0/25       AC:  6    Str: 19    XL:     2   Next: 6%
Magic:  2/2        EV:  7    Int:  8    God:
Gold:   28         SH:  4    Dex:  9    Spells: 1/1 levels left

rFire   . . .      SeeInvis +   a - +0 long sword
rCold   . . .      Faith    .   c - +0 buckler
rNeg    . . .      Spirit   .   b - +0 scale mail
rPois   .          Reflect  .   (no helmet)
rElec   .          Harm     .   (no cloak)
rCorr   .          Rampage  .   (no gloves)
Will    .....                   (no barding)
Stlth   ..........              (no amulet)
HPRegen 0.08/turn               (no ring)
MPRegen 0.08/turn               (no ring)

@: no status effects
A: large, rugged brown scales 3, see invisible, deformed body, roll 1, armoured
tail
a: Rolling Charge


You were on level 1 of the Dungeon.
You visited 1 branch of the dungeon, and saw 1 of its levels.

You collected 28 gold pieces.

Inventory:

Hand Weapons
 a - a +0 long sword (weapon)
Armour
 b - a +0 scale mail (worn)
 c - a +0 buckler (worn)
Potions
 d - a potion of might


   Skills:
 + Level 3.2 Fighting
 + Level 2.0 Long Blades
 + Level 2.6 Armour
 + Level 2.5 Shields


You had one spell level left.
You didn't know any spells.
Your spell library was empty.

Dungeon Overview and Level Annotations

Branches:
Dungeon (1/15)

Altars:


Innate Abilities, Weirdness & Mutations

You are completely covered in rugged brown scales. (AC +3, +7% HP)
You have supernaturally acute eyesight. (SInv)
Armour fits poorly on your strangely shaped body.
You can roll at nearby foes to attack.
You have a long armoured tail.


Message History

HP restored.
You see here a jackal corpse.
Found a stone staircase leading down.
You now have 28 gold pieces (gained 13).
As you open the door, it creaks loudly!
A quokka comes into view.
A kobold comes into view. It is wielding a +0 dagger.
Found 13 gold pieces.
The kobold shouts!
You hear a shout!
There is an open door here.
You barely miss the quokka. The quokka bites you. x2
You barely miss the quokka.
Your tail-slap misses the quokka.
The quokka barely misses you. x2; The kobold barely misses you.
You closely miss the quokka.
Your tail-slap misses the quokka.
A hobgoblin comes into view.
The quokka bites you but does no damage.
The kobold barely misses you.
You miss the quokka. The quokka barely misses you.
The kobold hits you with a +0 dagger. The quokka bites you.
You are too injured to fight recklessly!
You are too injured to fight recklessly!
The kobold hits you with a +0 dagger.
There is an open door here.
You closely miss the kobold. The kobold hits you but does no damage.
The kobold closely misses you.
You slash the kobold!
You kill the kobold!
The quokka bites you but does no damage.
You have reached level 2!
You closely miss the quokka. The quokka bites you.
You barely miss the quokka. The quokka bites you.
* * * LOW HITPOINT WARNING * * *
The quokka bites you.
* * * LOW HITPOINT WARNING * * *
You closely miss the quokka. You tail-slap the quokka.
You kill the quokka!
You barely miss the hobgoblin. You tail-slap the hobgoblin.
The hobgoblin is almost dead.
The hobgoblin hits you.
You die...

#.....# ##### #.....#
PP$.## #.....####
....# #........# ...#
#........# ..#
#.^......##### ###.#
#.........†..#
#...####.##########.##
#...'g@..# #..#
#...###### ##.## #...#
#..# ...g..# ##.#
........# #.#
####....# #.. ######
###. ####.8. ###.8....


You could see a hobgoblin.

Vanquished Creatures
  An endoplasm (D:1)
  4 jackals (D:1)
  A kobold (D:1)
  A quokka (D:1)
7 creatures vanquished.

Notes
Turn   | Place    | Note
-------+----------+-------------------------------------------
     0 | D:1      | Astera the Palentonga Fighter began the quest for the Orb.
     0 | D:1      | Reached XP level 1. HP: 19/19 MP: 1/1
     6 | D:1      | Noticed a killer bee
     6 | D:1      | Noticed a lindwurm
     7 | D:1      | Noticed a black bear
     7 | D:1      | Noticed a komodo dragon
    99 | D:1      | Reached XP level 2. HP: 10/25 MP: 2/2
   100 | D:1      | HP: 1/25 [quokka (4)]
   102 | D:1      | Slain by a hobgoblin

Illustrated notes

Levels and vault maps discovered:
D:1:      onia_arrival_zoo_common, layout_basic,
          shapermc_ecumenical_altar_mp_ritualfount

Action                   || total
-------------------------++-------
Melee: Long sword        ||    19
       Tailslap          ||     3
Armor: Scale mail        ||     7
Dodge: Dodged            ||     9
Block: Buckler           ||     2

Table legend: (Time is in decaauts)
 A = Elapsed time spent in this place.
 B = Non-inter-level travel time spent in this place.
 C = Inter-level travel time spent in this place.
 D = Time resting spent in this place.
 E = Time spent auto-exploring this place.
 F = Levels seen in this place.
 G = Mean time per level.
                   A        B        C        D        E       F      G
               +--------+--------+--------+--------+--------+-----+--------+
         Total |    107 |    107 |      0 |      0 |     68 |   1 |  107.0 |
       Dungeon |    107 |    107 |      0 |      0 |     68 |   1 |  107.0 |
               +--------+--------+--------+--------+--------+-----+--------+

Top non-repeatable levels by time:
     D:1: 107 daAuts
